 Dungeon Crawl Stone Soup version 0.19.0-19-g8c6edcc (webtiles) character file.

482 tomat the Cudgeler (level 6, -1/56 HPs)
             Began as a Minotaur Berserker on Nov 13, 2016.
             Was a Priest of Trog.
             Slain by a howler monkey zombie (6 damage)
             ... on level 5 of the Dungeon.
             The game lasted 00:20:45 (3951 turns).

tomat the Cudgeler (Minotaur Berserker)             Turns: 3951, Time: 00:20:46

Health: -1/56      AC:  4    Str: 23    XL:     6   Next: 87%
Magic:  5/5        EV: 13    Int:  4    God:    Trog [***...]
Gold:   203        SH:  0    Dex: 10    Spells: 0 memorised, 5 levels left

rFire  . . .     SeeInvis .     n - -3 hunting sling (curse)
rCold  + . .     Gourm    .     p - +1 robe {rC+}
rNeg   . . .     Faith    .     (no shield)
rPois  .         Spirit   .     (helmet unavailable)
rElec  .         Reflect  .     f - +0 cloak (curse)
rCorr  .         Harm     +     (no gloves)
MR     +....                    (no boots)
Stlth  +.........               u - amulet of harm
                                (no ring)
                                j - ring of flight

@: lethally poisoned (-1 -> -3), flying
A: retaliatory headbutt, horns 3, magic resistance 1, sense surroundings 1
a: Berserk, Trog's Hand, Burn Spellbooks, Renounce Religion


You were on level 5 of the Dungeon.
You worshipped Trog.
Trog was most pleased with you.
You were not hungry.

You visited 1 branch of the dungeon, and saw 5 of its levels.

You collected 203 gold pieces.

Inventory:

Hand Weapons
 a - a +0 mace
 n - a cursed -3 hunting sling (weapon)
Missiles
 d - 6 tomahawks of returning
 o - 158 stones (quivered)
Armour
 f - a cursed +0 cloak (worn)
 m - a +0 cloak
 p - a +1 robe of cold resistance (worn)
Jewellery
 j - a ring of flight (left hand)
 u - an amulet of harm (around neck)
Scrolls
 c - a scroll of recharging
 e - a scroll of blinking
 g - 5 scrolls of identify
Potions
 b - 3 potions of curing
 h - a potion of haste
 i - a potion of berserk rage
 r - a potion of flight
Comestibles
 k - 5 bread rations
 l - 2 beef jerkies
 q - 2 slices of pizza
 s - a meat ration


   Skills:
 + Level 5.0 Fighting
 + Level 5.9 Maces & Flails
 + Level 2.6 Slings
 + Level 3.8 Armour
 + Level 4.2 Dodging
 + Level 1.0 Stealth


You had 5 spell levels left.
You didn't know any spells.

Dungeon Overview and Level Annotations

Branches:
Dungeon (5/15)
 Temple: D:4-7

Altars:
Cheibriados


Innate Abilities, Weirdness & Mutations

You reflexively headbutt those who attack you in melee.
You have a pair of large horns on your head.
You are resistant to hostile enchantments. (MR+)
You passively map a small area around you.


Message History

The howler monkey zombie is lightly damaged.
You feel sick.
Firing (i - inventory. (,) - cycle):
o - 160 stones (quivered)
Press: ? - help, Shift-Dir - straight line, f/p - howler monkey zombie
Aim: a howler monkey zombie (lightly damaged)
You shoot a stone.
The stone hits the howler monkey zombie.
The howler monkey zombie is moderately damaged.
Firing (i - inventory. (,) - cycle):
o - 159 stones (quivered)
Press: ? - help, Shift-Dir - straight line, f/p - howler monkey zombie
Aim: a howler monkey zombie (moderately damaged)
You shoot a stone.
The stone hits the howler monkey zombie.
The howler monkey zombie is moderately damaged.
The howler monkey zombie hits you.
* * * LOW HITPOINT WARNING * * *
It was a potion of flight.
You feel very buoyant.
You fly up into the air.
The howler monkey zombie hits you.
You die...

....# * , < ###.# #
#....(.# ,
..#.#######.#....(.# *
............#....(.##,,
................(... ,
..#<####### #...(..# ,
#.#.# #.(((..# * #.#.#
#...Z..#, , #.#.# #####
#...@# , #.#.# #...
+....# , , ,
#.#.###.#####....# ,
...........##....# *
......#.##.##....# ,
#...#.#.##..'....# *
....#...##.##....# ,
#######.##.##....# , ,
.........#.##....#,


You could see a howler monkey zombie.

Vanquished Creatures
  An ogre (D:4)
  2 orc wizards (D:4)
  An orc priest (D:3)
  Jessica (D:2)
  An iguana (D:4)
  2 worker ants
  A worker ant zombie (D:5)
  Robin (D:2)
  6 adders
  An adder skeleton (D:4)
  2 worms (D:3)
  2 dart slugs
  16 orcs
  2 ball pythons (D:3)
  14 bats
  5 giant cockroaches
  17 goblins
  12 hobgoblins
  7 jackals
  6 kobolds
  2 quokkas
  5 frilled lizards
  A leopard gecko skeleton (D:4)
  11 rats
119 creatures vanquished.

Notes
Turn   | Place    | Note
-------+----------+-------------------------------------------
     0 | D:1      | tomat the Minotaur Berserker began the quest for the Orb.
     0 | D:1      | Reached XP level 1. HP: 19/19 MP: 0/0
   338 | D:1      | Reached XP level 2. HP: 27/27 MP: 1/1
   604 | D:1      | Reached XP level 3. HP: 29/33 MP: 2/2
  1057 | D:2      | Reached ** piety under Trog
  1185 | D:2      | Noticed Jessica
  1191 | D:2      | Killed Jessica
  1191 | D:2      | Reached XP level 4. HP: 40/40 MP: 3/3
  1246 | D:2      | Noticed Robin
  1261 | D:2      | Killed Robin
  1274 | D:2      | HP: 2/40 [poisoned by an adder]
  1278 | D:2      | Reached skill level 5 in Maces & Flails
  1568 | D:2      | Found a snail-covered altar of Cheibriados.
  1761 | D:2      | You fall through a shaft for 2 floors!
  1764 | D:4      | Reached XP level 5. HP: 47/47 MP: 4/4
  1867 | D:4      | Reached *** piety under Trog
  2177 | D:4      | Reached skill level 1 in Stealth
  2253 | D:4      | Noticed an ogre
  2269 | D:4      | Gained mutation: You passively map a small area around you. [potion of mutation]
  2269 | D:4      | Gained mutation: You are resistant to hostile enchantments. (MR+) [potion of mutation]
  2269 | D:4      | Gained mutation: You have a pair of large horns on your head. [potion of mutation]
  2270 | D:4      | Reached XP level 6. HP: 13/53 MP: 5/5
  2273 | D:4      | Reached skill level 1 in Slings
  3516 | D:3      | Reached skill level 5 in Fighting
  3678 | D:5      | Entered Level 5 of the Dungeon
  3951 | D:5      | Slain by a howler monkey zombie

Skill      XL: |  1  2  3  4  5  6 |
---------------+-------------------+-----
Maces & Flails | 4 5 |  5.9
Fighting       | 4 5 |  5.0
Armour         | 3 |  3.8
Dodging        | 3 4 |  4.2
Stealth        | 1 |  1.0
Slings         | 2 |  2.6

Action                   |  1- 3 |  4- 6 || total
-------------------------+-------+-------++-------
Melee: Mace              |    52 |    77 ||   129
       Headbutt          |    13 |    16 ||    29
       Hunting sling     |       |    22 ||    22
 Fire: Hunting sling     |       |   183 ||   183
Invok: Berserk           |     1 |     5 ||     6
       Trog's Hand       |       |     2 ||     2
  Use: Potion            |     3 |     8 ||    11
       Scroll            |     3 |     7 ||    10
 Stab: Sleeping          |       |     1 ||     1
  Eat: Chunk             |       |     8 ||     8
       Bread ration      |       |     2 ||     2
Armor: Leather armour    |    11 |    21 ||    32
       Animal skin       |     1 |       ||     1
       Robe              |       |    31 ||    31
Dodge: Dodged            |    30 |   177 ||   207
